 Dungeon Crawl Stone Soup version 0.26.0-16-gc1dbca0489 (webtiles) character file.

Game seed: 17019418912099352391

691 thiole the Sneak (level 7, 0/44 HPs)
             Began as an Octopode Hedge Wizard on Jan 21, 2021.
             Was an Initiate of Gozag.
             Slain by an ice beast (11 damage)
             ... on level 6 of the Dungeon.
             The game lasted 00:11:56 (6378 turns).

thiole the Sneak (Octopode Hedge Wizard)            Turns: 6378, Time: 00:11:57

Health: 0/44       AC:  3    Str: 10    XL:     7   Next: 63%
Magic:  13/13      EV: 13    Int: 18    God:    Gozag
Gold:   574        SH:  0    Dex: 11    Spells: 6/14 levels left

rFire    . . .     SeeInvis .   m - +1 dagger (vamp)
rCold    . . .     Faith    .   (no shield)
rNeg     . . .     Spirit   .   b - +2 hat
rPois    .         Reflect  .   (no amulet)
rElec    .         Harm     .   l - ring of flight
rCorr    .         Rampage  .   (no ring)
Will     .....                  (no ring)
Stlth    ++++......             (no ring)
HPRegen  0.14/turn              (no ring)
MPRegen  0.13/turn              (no ring)
                                (no ring)
                                (no ring)

@: gold aura
A: almost no armour, stealthy swim, amphibious, 8 rings, constrict 8, camouflage
1, gelatinous body 1
a: Renounce Religion, Evoke Flight, Potion Petition, Call Merchant, Bribe Branch


You were on level 6 of the Dungeon.
You worshipped Gozag.
Gozag was pleased with you.
You visited 1 branch of the dungeon, and saw 6 of its levels.

You collected 608 gold pieces.
You paid 34 gold pieces to Gozag.

Inventory:

Hand Weapons
 a - a +0 dagger
 m - a +1 vampiric dagger (weapon)
Armour
 b - a +2 hat (worn)
 y - a +0 buckler
Jewellery
 l - a ring of flight (left tentacle)
Scrolls
 d - 3 scrolls of teleportation
 g - a scroll of amnesia {unknown}
 j - 4 scrolls of noise {unknown}
 n - 2 scrolls of enchant weapon
 q - a scroll of remove curse {unknown}
 r - 3 scrolls of enchant armour
 u - a scroll of fog {unknown}
 v - 4 scrolls of immolation {unknown}
Potions
 c - a potion of curing
 e - 2 potions of brilliance
 f - a potion of degeneration {unknown}
 h - a potion of mutation {unknown}
 k - a potion of magic {unknown}
 o - a potion of ambrosia
 p - 2 potions of lignification
 t - 3 potions of resistance
 w - a potion of cancellation {unknown}


   Skills:
 + Level 1.9 Fighting
 - Level 2.0 Dodging
 + Level 5.4 Stealth
 + Level 0.1 Shields
 + Level 4.3 Spellcasting
 - Level 2.0 Conjurations
 - Level 2.0 Summonings
 - Level 1.0 Translocations
 * Level 4.4 Air Magic
 - Level 2.0 Poison Magic
 - Level 2.0 Evocations


You had 6 spell levels left.
You knew the following spells:

 Your Spells              Type           Power        Failure   Level
a - Magic Dart            Conj           44%          6%          1
b - Call Imp              Summ           11%          10%         2
c - Slow                  Hex            3%           22%         2
d - Mephitic Cloud        Conj/Pois/Air  13%          14%         3

Your spell library contained the following spells:

 Spells                   Type           Power        Failure   Level
 Summon Small Mammal      Summ           44%          6%          1
 Apportation              Tloc           14%          10%         1
 Animate Skeleton         Necr           6%           14%         1
 Corona                   Hex            3%           14%         1
 Blink                    Tloc           N/A          14%         2
 Conjure Flame            Conj/Fire      7%           28%         3


Dungeon Overview and Level Annotations

Branches:
Dungeon (6/15)             Temple (0/1) D:4

Altars:
Ashenzari
Dithmenos
Elyvilon
Gozag
Hepliaklqana
Kikubaaqudgha
Makhleb
Ru
Sif Muna
Trog
Vehumet
Wu Jian
Yredelemnul


Innate Abilities, Weirdness & Mutations

You cannot wear most types of armour.
You are very stealthy in the water. (Stealth+)
You are amphibious.
You can wear up to eight rings at the same time.
You can use your tentacles to constrict eight enemies at once.
Your skin changes colour to match your surroundings (Stealth+).
Your rubbery body absorbs attacks. (AC +1, EV +1)


Message History

Your shadow imp hits the ice beast.
You barely miss the ice beast.
The ice beast is heavily wounded.
You feel less invigorated.
You feel less confused. The ice beast hits you. The ice beast freezes you!
Your shadow imp barely misses the ice beast.
You hit the ice beast.
You feel better.
The ice beast is heavily wounded.
The ice beast hits you. The ice beast freezes you!
* * * LOW HITPOINT WARNING * * *
The jackal skeleton closely misses your shadow imp.
Your shadow imp barely misses the ice beast.
You feel better.
The jackal skeleton bites your shadow imp.
The ice beast hits you.
* * * LOW HITPOINT WARNING * * *
The ice beast freezes you!
You die...
Your body crumbles into a pile of gold.

#$# #...##....'...+ #<#
#...##..#>#...# ###
#..F##..#.#...#
#####...##..###...#
........##..###...##
.................... #.
.####..............
#...####5.##..####.####
#.....@YhZ.....###.####
#...#####Z##..........
#. ......Z...###.#..
####.##...#.. .
#.##.Z.#.#.# #
#.##h..#.#.#...
##.##...........
........#.###...
#####...#.#


You could see an ice beast, a jackal, a jackal skeleton, a hound skeleton and a
friendly shadow imp (summoned).

Vanquished Creatures
  An ice beast (D:5)
  2 scorpions
  2 howler monkeys (D:5)
  2 iguanas
  An orc wizard (D:5)
  3 worker ants
  A hound zombie (D:5)
  A worker ant zombie (D:3)
  3 gnolls
  9 adders
  3 oozes
  An adder zombie (D:5)
  An adder skeleton (D:5)
  2 worms (D:2)
  A dart slug (D:1)
  3 leopard geckos
  8 orcs
  8 giant cockroaches
  7 goblins
  5 hobgoblins
  4 jackals
  5 quokkas
  A ball python (D:4)
  9 bats
  6 frilled lizards
  4 kobolds
  11 rats
104 creatures vanquished.

Vanquished Creatures (collateral kills)
  An orc wizard (D:5)
  4 gnolls
  A white imp (D:5)
  An ufetubus (D:5)
  4 orcs (D:5)
  A jackal (D:6)
12 creatures vanquished.

Grand Total: 116 creatures vanquished

Notes
Turn   | Place    | Note
-------+----------+-------------------------------------------
     0 | D:1      | thiole the Octopode Hedge Wizard began the quest for the
                  | Orb.
     0 | D:1      | Reached XP level 1. HP: 11/11 MP: 4/4
   151 | D:1      | Reached XP level 2. HP: 14/17 MP: 0/6
   263 | D:1      | Reached skill level 3 in Stealth
   610 | D:1      | Reached XP level 3. HP: 21/21 MP: 5/7
   613 | D:1      | Learned a level 2 spell: Call Imp
   616 | D:1      | Learned a level 2 spell: Slow
   620 | D:1      | Learned a level 3 spell: Mephitic Cloud
  1194 | D:2      | Found a shadowy altar of Dithmenos.
  1826 | D:2      | Reached XP level 4. HP: 27/27 MP: 8/8
  1838 | D:2      | Reached skill level 1 in Air Magic
  2032 | D:3      | Reached skill level 1 in Poison Magic
  2558 | D:3      | Reached XP level 5. HP: 18/31 MP: 6/10
  3060 | D:3      | Found an opulent altar of Gozag.
  3060 | D:3      | Found a hazy altar of Hepliaklqana.
  3061 | D:3      | Found a broken altar of Ashenzari.
  3061 | D:3      | Found a bloodstained altar of Trog.
  3061 | D:3      | Found a shimmering blue altar of Sif Muna.
  3061 | D:3      | Found a sacrificial altar of Ru.
  3071 | D:3      | Found a basalt altar of Yredelemnul.
  3106 | D:3      | Became a worshipper of Gozag Ym Sagoz the Greedy
  3237 | D:3      | Reached skill level 4 in Stealth
  3656 | D:4      | Reached XP level 6. HP: 29/36 MP: 0/11
  4158 | D:4      | Found an ancient bone altar of Kikubaaqudgha.
  4158 | D:4      | Found an ornate altar of the Wu Jian Council.
  4277 | D:4      | Found a white marble altar of Elyvilon.
  4541 | D:4      | Found a staircase to the Ecumenical Temple.
  4656 | D:5      | Entered Level 5 of the Dungeon
  4858 | D:5      | Reached skill level 1 in Evocations
  5092 | D:5      | Reached skill level 1 in Fighting
  5209 | D:5      | Noticed an ice beast
  5283 | D:5      | Reached skill level 5 in Stealth
  5283 | D:5      | Reached XP level 7. HP: 36/43 MP: 13/13
  6175 | D:5      | Found a burning altar of Makhleb.
  6243 | D:5      | Found a radiant altar of Vehumet.
  6378 | D:6      | Slain by an ice beast

Illustrated notes

Levels and vault maps discovered:
D:1:      lightli_arrival_flooded_house, layout_rooms, interstate_on_off,
          nrook_mini_vaults
D:2:      minmay_diamond_boxcup, layout_basic,
          nicolae_dithmenos_through_a_glass_darkly, kennysheep_minor_cross
D:3:      layout_rooms, grunt_temple_overflow_open, minmay_distorted
D:4:      layout_cave_pools, gammafunk_temple_overflow_pools,
          minmay_temple_entry_enclosed_plants, hangedman_decor_lopped,
          elyvilon_altar_1
D:5:      layout_gridville, grunt_temple_overflow_lords_of_destruction,
          minmay_between
D:6:      layout_basic, kennysheep_generic_room_13

Skill      XL: |  1  2  3  4  5  6  7 |
---------------+----------------------+-----
Stealth        | 3 4 5 |  5.4
Conjurations   | 2 |  2.0
Summonings     | 2 |  2.0
Air Magic      | 1 2 3 4 |  4.4
Poison Magic   | 1 2 |  2.0
Spellcasting   | 4 |  4.3
Evocations     | 1 2 |  2.0
Fighting       | 1 |  1.9
Dodging        | |  2.0
Shields        | |  0.1
Translocations | |  1.0

Action                   |  1- 3 |  4- 6 |  7- 9 || total
-------------------------+-------+-------+-------++-------
Melee: Dagger            |    33 |   133 |    50 ||   216
       Constrict         |     7 |    29 |     6 ||    42
       Tentacles         |     4 |    21 |    10 ||    35
 Cast: Magic Dart        |    60 |   115 |    25 ||   200
       Call Imp          |       |     6 |    16 ||    22
       Slow              |       |       |     2 ||     2
  Use: Scroll            |     3 |     7 |     4 ||    14
       Potion            |       |     1 |     4 ||     5
 Stab: Sleeping          |     4 |     1 |       ||     5
Armor: Skin              |     1 |    26 |     9 ||    36
Dodge: Dodged            |    16 |    76 |    30 ||   122
